 Dungeon Crawl Stone Soup version 0.20.1-1-g8b1a95d (console) character file.

9 Goblin1989 the Firebug (level 2, 19/19 HPs)
             Began as a Demonspawn Fire Elementalist on July 8, 2017.
             Quit the game on level 1 of the Dungeon.
             The game lasted 00:01:39 (273 turns).

Goblin1989 the Firebug (DsFE)                        Turns: 273, Time: 00:01:40

Health: 19/19      AC:  2    Str:  8    XL:     2   Next: 3%
Magic:  0/5        EV: 12    Int: 16    God:
Gold:   26         SH:  0    Dex: 13    Spells: 4/5 levels left

rFire    . . .     SeeInvis .   (no weapon)
rCold    . . .     Gourm    .   (no shield)
rNeg     . . .     Faith    .   a - +0 robe
rPois    .         Spirit   .   (no helmet)
rElec    .         Reflect  .   (no cloak)
rCorr    .         Harm     .   (no gloves)
MR       .....                  (no boots)
Stlth    ++........             (no amulet)
Regen    0.1/turn               (no ring)
MPRegen  0.1/turn               (no ring)

@: no status effects
A: demonic guardian 1
a: no special abilities


You were on level 1 of the Dungeon.
You were not hungry.

You visited 1 branch of the dungeon, and saw 1 of its levels.

You collected 26 gold pieces.

Inventory:

Hand Weapons
 f - a +0 club
 h - a +0 hunting sling
Missiles
 k - 49 stones (quivered)
Armour
 a - a +0 robe (worn)
Scrolls
 i - a scroll of remove curse {unknown}
 j - a scroll of fear {unknown}
 l - a scroll of identify {unknown}
Potions
 m - a potion of curing {unknown}
 n - a potion of mutation {unknown}
Books
 b - a book of Flames

   Spells                             Type                      Level
   a - Flame Tongue                   Conjuration/Fire             1
   b - Throw Flame                    Conjuration/Fire             2
   c - Conjure Flame                  Conjuration/Fire             3
   d - Inner Flame                    Hexes/Fire                   3
   e - Sticky Flame                   Conjuration/Fire             4
   f - Fireball                       Conjuration/Fire             5
Comestibles
 e - a bread ration {@e1}
 g - a chunk of flesh


   Skills:
 - Level 1.7 Dodging
 - Level 1.7 Stealth
 + Level 2.2 Spellcasting
 * Level 1.3 Conjurations
 * Level 2.9 Fire Magic


You had 4 spell levels left.
You knew the following spells:

 Your Spells              Type           Power        Failure   Level  Hunger
a - Flame Tongue          Conj/Fire      #....        9%          1    #......


Dungeon Overview and Level Annotations

Branches:
Dungeon (1/15)

Altars:


Innate Abilities, Weirdness & Mutations

A weak demonic guardian rushes to your aid.


Message History

Press: ? - help, Shift-Dir - straight line, f/p - goblin
Aim: a goblin The flame tongue hits the goblin.
You kill the goblin!
You now have 0/3 mp.
You start resting.
Magic restored.
HP restored.
Health restored: 13; MP restored: 3
i - a scroll labeled XIUKUN ESEJ You butcher the rat corpse.
g - 3 chunks of flesh (gained 1)
j - a scroll labeled DYPHABBUODD A frilled lizard comes into view.
Casting: Flame Tongue
Confirm with . or Enter, or press ? or * to list all spells.
Aiming: Flame Tongue
Press: ? - help, Shift-Dir - straight line, f - frilled lizard
Aim: a frilled lizard (resting)
The flame tongue hits the frilled lizard.
You kill the frilled lizard!
You now have 2/3 mp.
Casting: Flame Tongue
Confirm with . or Enter, or press ? or * to list all spells.
You can't see any susceptible monsters within range! (Use Z to cast anyway.)
k - 17 stones MP restored: 3 You now have 14 gold pieces.
A giant cockroach comes into view.
Casting: Flame Tongue
Confirm with . or Enter, or press ? or * to list all spells.
Aiming: Flame Tongue
Press: ? - help, Shift-Dir - straight line, f - giant cockroach
Aim: a giant cockroach (resting)
The flame tongue hits the giant cockroach.
The giant cockroach appears unharmed.
You now have 2/3 mp.
Casting: Flame Tongue
Confirm with . or Enter, or press ? or * to list all spells.
Aiming: Flame Tongue
Press: ? - help, Shift-Dir - straight line, f/p - giant cockroach
Aim: a giant cockroach The flame tongue hits the giant cockroach.
The giant cockroach is heavily wounded.
The giant cockroach bites you.
You take 2 damage, and have 11/13 hp.
You now have 1/3 mp.
Casting: Flame Tongue
Confirm with . or Enter, or press ? or * to list all spells.
Aiming: Flame Tongue
Press: ? - help, Shift-Dir - straight line, f/p - giant cockroach
Aim: a giant cockroach (heavily wounded, clinging)
The flame tongue hits the giant cockroach.
You kill the giant cockroach!
You now have 0/3 mp.
Casting: Flame Tongue
Confirm with . or Enter, or press ? or * to list all spells.
You don't have enough magic to cast that spell.
Unknown command.
l - a scroll labeled SYUNLA LUNNO Health restored: 13; MP restored: 3
m - a fuming blue potion
k - 34 stones (gained 17) Some of the chunks of flesh in your inventory have rotted away.
n - a fizzy orange potion
k - 49 stones (gained 15)
Found a stone staircase leading down.
You now have 26 gold pieces (gained 12).
A goblin comes into view. It is wielding a club.
A hobgoblin comes into view. It is wielding a club.
The goblin shouts!
Casting: Flame Tongue
Confirm with . or Enter, or press ? or * to list all spells.
Aiming: Flame Tongue
Press: ? - help, Shift-Dir - straight line, f - goblin
Aim: a goblin, wielding a club The flame tongue hits the goblin.
The goblin is heavily wounded.
The goblin misses you.
You now have 2/3 mp.
Casting: Flame Tongue
Confirm with . or Enter, or press ? or * to list all spells.
Aiming: Flame Tongue
Press: ? - help, Shift-Dir - straight line, f/p - goblin
Aim: a goblin, wielding a club (heavily wounded)
The flame tongue hits the goblin.
You kill the goblin!
You now have 1/3 mp.
Casting: Flame Tongue
Confirm with . or Enter, or press ? or * to list all spells.
Aiming: Flame Tongue
Press: ? - help, Shift-Dir - straight line, f - hobgoblin
Aim: a hobgoblin, wielding a club The flame tongue hits the hobgoblin.
You kill the hobgoblin!
You have reached level 2!
Your demonic ancestry asserts itself...
You feel the presence of a demonic guardian.
Health restored: 19 You now have 0/5 mp.
Are you sure you want to abandon this character and quit the game? (Confirm with "yes".)

█.........█
█.█████████.█
█..█.██...█ ██ █..
█.....█.█ █..█......█ █.
.. █.██....█ .........██
██.████ ...█..<..█
.......█.█ ...█.....
█....██ .....██..█.
██..█.█.█ █.█....
....█.█..█.
█.......██.█.██████
..██.█...█.██...█..)...█
.█.██...........@)>███.
█.█.█....█.........?...█
██.█.....██.......%...██
.██......██......█.██.█
.................█... ..
...............████.....
.██.......█....█ .)..
██.█......████.█ ....
█.█.█.....████.█


There were no monsters in sight!

Vanquished Creatures
  A giant cockroach (D:1)
  3 goblins (D:1)
  A hobgoblin (D:1)
  A frilled lizard (D:1)
  2 rats (D:1)
8 creatures vanquished.

Notes
Turn   | Place    | Note
-------+----------+-------------------------------------------
     0 | D:1      | Goblin1989 the Demonspawn Fire Elementalist began the quest for the Orb.
     0 | D:1      | Reached XP level 1. HP: 13/13 MP: 3/3
   272 | D:1      | Gained mutation: A weak demonic guardian rushes to your aid. [demonic ancestry]
   272 | D:1      | Reached XP level 2. HP: 19/19 MP: 0/5
   273 | D:1      | Quit the game

Action                   || total
-------------------------++-------
Melee: Unarmed           ||     8
 Cast: Flame Tongue      ||    15
Dodge: Dodged            ||     9

Vault maps used:
D:1:      saegor_arrival_simple_f, corner_web_ring,
          minmay_misc_feat_secret_circle
